 Dungeon Crawl Stone Soup version 0.21.0 (webtiles) character file.

35 Drusha21 the Magician (level 3, -9/19 HPs)
             Began as a Deep Elf Wizard on Mar 1, 2018.
             Mangled by Grinder (10 damage)
             ... while paralysed by Grinder
             ... on level 4 of the Dungeon.
             The game lasted 00:12:46 (1187 turns).

Drusha21 the Magician (Deep Elf Wizard)             Turns: 1187, Time: 00:12:49

Health: -9/19      AC:  2    Str:  4    XL:     3   Next: 16%
Magic:  5/12       EV:  2    Int: 23    God:
Gold:   18         SH:  0    Dex: 13    Spells: 5/13 levels left

rFire    . . .     SeeInvis .   i - +2 dagger (drain)
rCold    . . .     Gourm    .   (no shield)
rNeg     . . .     Faith    .   a - +0 robe
rPois    .         Spirit   .   b - +0 hat
rElec    .         Reflect  .   g - scarf {repulsion}
rCorr    .         Harm     .   (no gloves)
MR       .....                  (no boots)
Stlth    ++........             (no amulet)
HPRegen  0.06/turn              (no ring)
MPRegen  0.13/turn              (no ring)

@: paralysed, lethally poisoned (-9 -> -17), very slightly contaminated, repel
missiles
A: no striking features
a: no special abilities


You were on level 4 of the Dungeon.
You were not hungry.

You visited 1 branch of the dungeon, and saw 3 of its levels.

You collected 18 gold pieces.

Inventory:

Hand Weapons
 i - a +2 dagger of draining (weapon)
Armour
 a - a +0 robe (worn)
 b - a +0 hat (worn)
 g - a scarf of repulsion (worn)
Scrolls
 e - a scroll of identify {unknown}
 f - a scroll of teleportation {unknown}
 j - a scroll of amnesia {unknown}
Potions
 h - a potion of brilliance {unknown}
Books
 c - a book of Minor Magic

   Spells                             Type                      Level
   a - Magic Dart                     Conjuration                  1
   b - Blink                          Translocation                2
   c - Call Imp                       Summoning                    2
   d - Slow                           Hexes                        2
   e - Conjure Flame                  Conjuration/Fire             3
   f - Mephitic Cloud                 Conjuration/Poison/Air       3
Comestibles
 d - a ration


   Skills:
 + Level 2.7 Dodging
 + Level 2.8 Stealth
 + Level 5.6 Spellcasting
 + Level 1.3 Conjurations
 + Level 1.1 Summonings
 + Level 1.1 Translocations


You had 5 spell levels left.
You knew the following spells:

 Your Spells              Type           Power        Failure   Level  Hunger
a - Magic Dart            Conj           ##..         5%          1    None
b - Conjure Flame         Conj/Fire      #.......     21%         3    ##.....
c - Blink                 Tloc           N/A          9%          2    None
d - Call Imp              Summ           ##......     9%          2    None


Dungeon Overview and Level Annotations

Branches:
Dungeon (2/15)

Altars:

Annotations:
D:4 Grinder


Message History

A howler monkey skeleton comes into view.
Grinder gestures at you. You resist with significant effort.
Your iron imp barely misses Grinder.
Unknown command.
Sorry, you're not good enough to have a special ability.
Casting: Call Imp
Confirm with . or Enter, or press ? or * to list all spells.
You blink.
Grinder gestures at you. Pain shoots through your body!
Ouch! That really hurt!
Grinder gestures at you.
You suddenly lose the ability to move!
Your iron imp barely misses Grinder.
Your iron imp hits Grinder.
The adder bites you.
* * * LOW HITPOINT WARNING * * *
You are lethally poisoned!
The adder poisons you! Grinder hits you!
Ouch! That really hurt!
You die...

. #. .. #.. ...
#..### ....
#....########.....
#................
#....Z.S@.......
#......5........
#......5........
##..........##...
#..####..?.## #.
#.## ##...# #.#
#...# #.# #...# ##
.###.#


You could see Grinder, an adder, a howler monkey skeleton and a friendly iron
imp.

Vanquished Creatures
  2 dart slugs (D:1)
  4 bats (D:1)
  A giant cockroach (D:1)
  2 goblins
  8 hobgoblins
  7 kobolds (D:1)
  4 rats (D:1)
28 creatures vanquished.

Vanquished Creatures (collateral kills)
  A leopard gecko (D:2)
1 creature vanquished.

Grand Total: 29 creatures vanquished

Notes
Turn   | Place    | Note
-------+----------+-------------------------------------------
     0 | D:1      | Drusha21 the Deep Elf Wizard began the quest for the Orb.
     0 | D:1      | Reached XP level 1. HP: 10/10 MP: 7/7
   272 | D:1      | Reached XP level 2. HP: 15/15 MP: 7/9
   295 | D:1      | Reached skill level 5 in Spellcasting
   851 | D:1      | Reached XP level 3. HP: 19/19 MP: 7/12
  1057 | D:1      | Learned a level 3 spell: Conjure Flame
  1060 | D:1      | Learned a level 2 spell: Blink
  1063 | D:1      | Learned a level 2 spell: Call Imp
  1170 | D:2      | You fall through a shaft for 2 floors!
  1170 | D:4      | Noticed Grinder
  1172 | D:4      | Paralysed by Grinder for 6 turns
  1184 | D:4      | Paralysed by Grinder for 7 turns
  1187 | D:4      | Mangled by Grinder

Skill      XL: |  1  2 |
---------------+-------+-----
Spellcasting   | 5 |  5.6
Dodging        | |  2.7
Stealth        | |  2.8
Conjurations   | |  1.3
Summonings     | |  1.1
Translocations | |  1.1

Action                   || total
-------------------------++-------
Melee: Hand axe          ||    12
 Cast: Magic Dart        ||    70
       Call Imp          ||     3
       Blink             ||     1
  Eat: Ration            ||     1
Armor: Robe              ||     4
Dodge: Dodged            ||    16
       Deflected         ||     1
